 Dungeon Crawl Stone Soup version 0.31-a0-365-gcf821cafb2 (webtiles) character file.

Game seed: 14094165780854890304

89 garrulousMonolith the Changeling (level 4, -3/29 HPs)
             Began as an Octopode Shapeshifter on July 28, 2023.
             Slain by Terence
             ... wielding a +0 trident
              (7 damage)
             ... on level 3 of the Dungeon.
             The game lasted 00:01:32 (1394 turns).

garrulousMonolith the Changeling (OpSh)             Turns: 1394, Time: 00:01:33

Health: -3/29      AC:  1    Str: 20    XL:     4   Next: 55%
Magic:  4/4        EV: 14    Int: 10    God:
Gold:   131        SH:  0    Dex: 20    Spells: 3/3 levels left

rFire   . .          .
                       - Unarmed
rCold   . . .        (no shield)
rNeg    . . .        (helmet currently unavailable)
rPois   .            (no amulet)
rElec   .            g - ring of willpower
rCorr   .            k - ring of see invisible
SInv    +            n - +6 ring of strength
Will    +....        o - +6 ring of dexterity
Stlth   +++          (no ring)
HPRegen 0.24/turn    (no ring)
MPRegen 0.09/turn    (no ring)
                     (no ring)

%: no passive effects
@: about to teleport, beast-form
A: beast (slay +2), almost no armour, amphibious, 8 rings, camouflage 1,
gelatinous body 1, (nimble swimmer 1), tentacles
a: Begin Untransformation


You were on level 3 of the Dungeon.
You were a hulking beast.
You visited 1 branch of the dungeon, and saw 3 of its levels.

You collected 131 gold pieces.

Inventory:

Missiles
 f - 6 poisoned darts (quivered)
 h - 4 curare-tipped darts
Jewellery
 g - a ring of willpower (left tentacle)
 k - a ring of see invisible (right tentacle)
 n - a +6 ring of strength (on tentacle)
 o - a +6 ring of dexterity (on tentacle)
Talismans
 b - a beast talisman
Scrolls
 i - a scroll of poison {unknown}
 j - 2 scrolls of teleportation
 m - a scroll of enchant armour {unknown}
 p - a scroll of identify {unknown}
Potions
 a - a potion of lignification
 c - a potion of mutation {unknown}
 d - a potion of invisibility {unknown}
 e - 3 potions of curing {unknown}
 l - a potion of berserk rage {unknown}


   Skills:
 + Level 1.8 Fighting
 + Level 2.5 Dodging
 + Level 2.1 Stealth
 + Level 3.4 Unarmed Combat
 * Level 3.6 Shapeshifting


You had 3 spell levels left.
You didn't know any spells.
Your spell library contained the following spells:

 Spells                   Type           Power      Damage    Failure   Level
 Ozocubu's Armour         Ice            0%         N/A       75%         3
 Ozocubu's Refrigeration  Ice            0%         4d7       100%        7


Dungeon Overview and Level Annotations

Branches:
Dungeon (3/15)

Altars:

Annotations:
D:3 Terence


Innate Abilities, Weirdness & Mutations

You are a hulking beast.
Your limbs bulge with bestial killing power. (Slay +2)
You cannot wear most types of armour.
You are amphibious.
You can wear up to eight rings at the same time.
Your skin changes colour to match your surroundings (Stealth+).
Your rubbery body absorbs attacks. (AC +1, EV +1)
((You are camouflaged when in or above water. (Stealth+)))
You have tentacles for arms and can constrict up to eight enemies at once.


Message History

Terence the Incautious comes into view.
He is wielding a +0 trident and carrying a wand of flame.
The helpless frilled lizard fails to defend itself.
You tentacle-slap the frilled lizard.
You kill the frilled lizard! 2 adders come into view.
The adder hisses angrily. x2
An ufetubus comes into view.
You see here a frilled lizard corpse.
You miss the adder. You grab the adder. You tentacle-slap the adder.
The adder is moderately wounded.
You constrict the adder. The adder bites you.
You are poisoned.
The adder poisons you!
You bludgeon the adder!
You kill the adder!
You feel sick.
You bludgeon the adder! You grab the adder.
The adder is severely wounded.
You constrict the adder.
You feel sick.
Terence shouts!
You hear a shout!
The adder barely misses you.
There are monsters nearby!
There are monsters nearby!
You tentacle-slap the adder.
You kill the adder!
You feel sick.
Terence says, "Rest in peace."
Terence zaps a wand.
The puff of flame hits you!
Ouch! That really hurt!
The ufetubus attacks as you move away! The ufetubus closely misses you.
The ufetubus misses you.
You feel sick. The ufetubus barely misses you. The ufetubus hits you.
* * * LOW HITPOINT WARNING * * *
Okay, then.
As you read the scroll labelled AFORIL ZUCRA, it crumbles to dust.
You feel strangely unstable.
It was a scroll of teleportation.
You feel sick.
You are no longer poisoned.
The ufetubus barely misses you. The ufetubus completely misses you.
Terence hits you from afar with a +0 trident!
You die...

#. # #. #. ##.
.##...#### ....
...# #.. ##.##
#..###†##...######
......@5h........#
.......##...####.#
...#.#. ##.## #.#
# # #. #.# #.# #.
#.# #.# #.
#.#####.# #.
#....##.# #.
####.##.# .#.
#.##.#


You could see Terence and an ufetubus.

Vanquished Creatures
  Crazy Yiuf (D:2)
  2 adders (D:3)
  A worm (D:2)
  3 ball pythons
  6 endoplasms
  A giant cockroach (D:3)
  4 goblins (D:2)
  A hobgoblin (D:1)
  2 jackals (D:1)
  3 quokkas
  2 bats (D:1)
  4 frilled lizards
  3 kobolds
  4 rats
37 creatures vanquished.

Notes
Turn   | Place    | Note
-------+----------+-------------------------------------------
     0 | D:1      | garrulousMonolith the Octopode Shapeshifter began the quest
                  | for the Orb.
     0 | D:1      | Reached XP level 1. HP: 13/13 MP: 1/1
   319 | D:1      | Reached XP level 2. HP: 18/18 MP: 2/2
   629 | D:1      | Reached skill level 1 in Stealth
   826 | D:2      | Reached XP level 3. HP: 20/23 MP: 3/3
  1173 | D:2      | Found a runed translucent door.
  1174 | D:2      | Noticed Crazy Yiuf
  1269 | D:2      | Killed Crazy Yiuf
  1270 | D:2      | Reached XP level 4. HP: 29/29 MP: 4/4
  1385 | D:3      | Noticed Terence
  1394 | D:3      | Slain by Terence

Illustrated notes

Levels and vault maps discovered:
D:1:      heliophobic_arrival_glass_houses, layout_loops_ring
D:2:      layout_basic, uniq_crazy_yiuf_cottage
D:3:      layout_loops_ring, grunt_temple_overflow_open, minmay_misc_feat_tower,
          grunt_ministairs_12, minivault_4, chequers_serial_rivers_micro_b,
          uniq_terence

Skill      XL: |  1  2  3  4 |
---------------+-------------+-----
Stealth        | 1 2 |  2.1
Fighting       | |  1.8
Dodging        | |  2.5
Unarmed Combat | |  3.4
Shapeshifting  | |  3.6

Action                     |  1- 3 |  4- 6 || total
---------------------------+-------+-------++-------
  Melee: Unarmed           |    48 |    12 ||    60
         Tentacles         |     8 |     1 ||     9
         Constrict         |    11 |     4 ||    15
         Punch             |     1 |     1 ||     2
    Use: Scroll            |       |     1 ||     1
   Stab: Sleeping          |     6 |     3 ||     9
 Armour: Skin              |     2 |       ||     2
  Dodge: Dodged            |    24 |    11 ||    35

Table legend: (Time is in decaauts)
 A = Elapsed time spent in this place.
 B = Non-inter-level travel time spent in this place.
 C = Inter-level travel time spent in this place.
 D = Time resting spent in this place.
 E = Time spent auto-exploring this place.
 F = Levels seen in this place.
 G = Mean time per level.
                   A        B        C        D        E       F      G
               +--------+--------+--------+--------+--------+-----+--------+
         Total |   1387 |   1326 |     61 |    150 |    910 |   3 |  462.3 |
       Dungeon |   1387 |   1326 |     61 |    150 |    910 |   3 |  462.3 |
               +--------+--------+--------+--------+--------+-----+--------+

Top non-repeatable levels by time:
     D:1: 716 daAuts
     D:2: 594 daAuts
     D:3: 76 daAuts
